AoeStats
← Chris77A

Black Forest

509673675Analyzed
2v2 RM · 4d ago on Sep 27, 2026· 90m 11s· 4 players
Game mode
Random Map
Map size
Medium (4 player)
Population
200
Speed
Normal
Resources
Standard
Victory
Conquest
Starting age
Dark Age
Ending age
Imperial Age
RankedLock teamsTeams togetherTeam positionsShared explorationLock speedFull tech treeHidden civsTurbo modeCheats
Victory
Defeat
🇬🇧 Teutons · United Kingdom
1284
+13
🇬🇧 Bohemians · United Kingdom
1179
+18
🇹🇷 Saracens · Türkiye
1371
-21
🇹🇷 Persians · Türkiye
1071
-10
Evrenos_TR
3:55 Loom
14:57 Feudal Age
22:42 Castle Age
20:48 Double-Bit Axe
22:07 Stone Mining
22:42 Horse Collar
29:11 Wheelbarrow
32:05 Bow Saw
35:31 Hand Cart
35:28 Heavy Plow
36:42 Kamandaran
37:12 Crossbowman
37:50 Fletching
38:52 Thumb Ring
38:51 Padded Archer Armor
40:29 Bodkin Arrow
40:49 Leather Archer Armor
40:40 Scale Barding Armor
39:59 Pikeman
40:39 Squires
45:02 Imperial Age
44:55 Caravan
44:58 Murder Holes
46:24 Two-Man Saw
46:27 Chemistry
46:14 Ballistics
45:43 Town Watch
46:21 Conscription
46:38 Bloodlines
45:50 Cavalier
46:31 Husbandry
46:52 Citadels
47:11 Elite War Elephant
48:22 Savar
51:09 Chain Barding Armor
51:00 Forging
52:39 Crop Rotation
52:05 Gold Mining
52:51 Stone Shaft Mining
52:56 Plate Barding Armor
52:59 Ring Archer Armor
55:10 Squires
56:30 Halberdier
58:05 Guard Tower
67:24 Iron Casting
66:50 Scale Mail Armor
74:01 Man-at-Arms
74:47 Gambesons
79:17 Long Swordsman
80:33 Light Cavalry
ReF
11:02 Feudal Age
14:38 Castle Age
12:43 Double-Bit Axe
12:54 Horse Collar
15:29 Bow Saw
18:30 Loom
21:40 Heavy Plow
24:05 Wheelbarrow
26:21 Hand Cart
27:40 Gold Mining
30:48 Imperial Age
28:53 Husbandry
29:03 Bloodlines
28:59 Scale Barding Armor
29:59 Gold Shaft Mining
29:16 Town Watch
29:50 Forging
30:50 Chain Barding Armor
31:36 Elite Mameluke
32:54 Plate Barding Armor
33:20 Conscription
34:18 Bimaristan
34:54 Coinage
35:09 Capped Ram
36:11 Siege Ram
37:22 Banking
36:50 Stone Mining
37:12 Caravan
37:55 Iron Casting
38:28 Counterweights
41:55 Chemistry
41:45 Padded Archer Armor
43:11 Blast Furnace
43:16 Town Patrol
43:34 Leather Archer Armor
44:26 Fletching
44:48 Masonry
44:59 Ballistics
46:25 Onager
47:26 Siege Engineers
47:54 Siege Onager
49:28 Hoardings
62:05 Two-Man Saw
61:54 Thumb Ring
61:10 Crossbowman
61:46 Bodkin Arrow
62:22 Ring Archer Armor
62:40 Arbalester
63:21 Bracer
NoobMonk14
5:04 Loom
10:39 Feudal Age
11:23 Double-Bit Axe
13:19 Horse Collar
15:16 Wheelbarrow
17:34 Castle Age
15:55 Forging
17:12 Fletching
21:21 Town Watch
25:01 Chemistry
29:06 Bodkin Arrow
29:12 Padded Archer Armor
34:43 Imperial Age
33:10 Leather Archer Armor
33:01 Heavy Plow
32:43 Elite Skirmisher
37:32 Bracer
38:02 Ring Archer Armor
37:57 Bow Saw
39:46 Hand Cart
41:26 Scale Barding Armor
41:50 Ballistics
42:26 Caravan
43:08 Husbandry
44:35 Two-Man Saw
45:12 Siege Engineers
45:17 Masonry
45:24 Scale Mail Armor
47:08 Conscription
46:56 Wagenburg Tactics
47:06 Houfnice
49:54 Bombard Tower
49:49 Light Cavalry
54:39 Chain Barding Armor
54:55 Iron Casting
55:05 Hussite Reforms
57:48 Fervor
58:04 Sanctity
58:10 Squires
57:56 Arson
57:34 Pikeman
58:32 Halberdier
65:20 Sanctity
Chris77A
0:35 Loom
11:52 Feudal Age
16:14 Castle Age
14:19 Double-Bit Axe
14:20 Horse Collar
17:56 Wheelbarrow
21:43 Town Watch
25:47 Hand Cart
25:55 Heavy Plow
27:53 Bow Saw
31:23 Imperial Age
31:42 Pikeman
32:24 Squires
32:48 Conscription
32:52 Crenellations
33:14 Ironclad
33:08 Fletching
33:18 Padded Archer Armor
33:30 Forging
33:26 Scale Barding Armor
33:32 Elite Teutonic Knight
33:36 Cavalier
34:28 Bloodlines
35:22 Chemistry
34:34 Fortified Wall
34:31 Siege Engineers
35:50 Two-Man Saw
35:26 Fortified Wall
35:28 Masonry
35:44 Onager
36:37 Bodkin Arrow
37:18 Iron Casting
36:47 Scale Mail Armor
36:59 Elite Skirmisher
38:11 Ballistics
38:44 Hoardings
39:24 Siege Onager
40:37 Leather Archer Armor
40:59 Iron Casting
42:14 Caravan
43:06 Crop Rotation
43:44 Coinage
42:46 Halberdier
43:13 Arson
43:58 Chain Mail Armor
44:15 Ring Archer Armor
52:06 Banking
51:03 Paladin
53:07 Chain Barding Armor
53:47 Blast Furnace
53:18 Plate Mail Armor
54:23 Plate Barding Armor
54:49 Blast Furnace
54:19 Plate Mail Armor
Connection lost

Rejoining the realm…

Still unreachable

The connection could not be restored.

Session expired

The server has moved on; the page needs a fresh start.